 Dungeon Crawl Stone Soup version 0.31.0-12-g77e489cdc1 (webtiles) character file.

Game seed: 9976220133900824197

15 octoduck the Grasshopper (level 2, -6/29 HPs)
             Began as an Oni Warper on Mar 3, 2024.
             Mangled by a hobgoblin
             ... wielding a +0 heavy spear
              (11 damage)
             ... on level 1 of the Dungeon.
             The game lasted 00:01:06 (347 turns).

octoduck the Grasshopper (Oni Warper)                Turns: 347, Time: 00:01:07

Health: -6/29      AC:  3    Str: 14    XL:     2   Next: 50%
Magic:  5/5        EV:  9    Int: 14    God:
Gold:   3          SH:  0    Dex:  8    Spells: 1/5 levels left

rFire   . . .        a - +0 mace
rCold   . . .        e - orb {mayhem}
rNeg    . . .        b - +0 robe
rPois   .            (helmet restricted)
rElec   .            (no cloak)
rCorr   .            (gloves unavailable)
SInv    .            (boots unavailable)
Will    .....        (no amulet)
Stlth   +            (no ring)
HPRegen 0.24/turn    (no ring)
MPRegen 0.09/turn

%: mayhem
@: no status effects
A: large, unfitting armour, horns 1, tough skin 1, double potion healing,
drunken brawling
a: no special abilities


You were on level 1 of the Dungeon.
You visited 1 branch of the dungeon, and saw 1 of its levels.

You collected 3 gold pieces.

Inventory:

Hand Weapons
 a - a +0 mace (weapon)
Missiles
 d - 7 darts of dispersal (quivered)
Armour
 b - a +0 robe (worn)
 e - an orb of mayhem (worn)
Scrolls
 c - a scroll of blinking


   Skills:
 - Level 2.6 Fighting
 * Level 2.7 Maces & Flails
 - Level 1.0 Throwing
 - Level 2.1 Dodging
 - Level 2.4 Spellcasting
 + Level 3.0 Translocations


You had one spell level left.
You knew the following spells:

 Your Spells              Type           Power      Damage    Failure   Level
a - Blink                 Tloc           20%        N/A       10%         2
b - Lesser Beckoning      Tloc           20%        N/A       10%         2

Your spell library contained the following spells:

 Spells                   Type           Power      Damage    Failure   Level
 Teleport Other           Tloc           10%        N/A       21%         3
 Manifold Assault         Tloc           10%        N/A       54%         4
 Vhi's Electric Charge    Tloc/Air       10%        N/A       77%         4


Dungeon Overview and Level Annotations

Branches:
Dungeon (1/15)

Altars:


Innate Abilities, Weirdness & Mutations

You are too large for most types of armour.
You have a pair of small horns on your head.
You have tough skin. (AC +1)
You gain doubled healing and magic from potions.
Whenever you drink a healing potion, you attack all around you.


Message History

A kobold and a jackal come into view.
The jackal barks!
You hear a bark!
A jackal comes into view.
You barely miss the frilled lizard.
The frilled lizard bites you but does no damage.
A jackal comes into view.
The frilled lizard bites you but does no damage.
You barely miss the frilled lizard.
The jackal barks!
The frilled lizard bites you but does no damage.
A hobgoblin comes into view. It is wielding a +0 heavy spear.
You sock the frilled lizard!
You kill the frilled lizard!
The jackal flies into a frenzy!
You barely miss the kobold.
The hobgoblin shouts!
The kobold hits you but does no damage.
The kobold hits you with a +0 short sword.
You hit the kobold.
You kill the kobold!
The hobgoblin flies into a frenzy!
You feel a bit more experienced.
The hobgoblin closely misses something.
The jackal bites something.
Something closely misses the jackal.
The jackal closely misses something.
Something misses the jackal.
Things that are here:
a +0 short sword; 3 stones; a kobold corpse The jackal bites something.
You feel a bit more experienced.
The hobgoblin hits the jackal from afar with a +0 heavy spear!
The jackal dies!
Your Translocations skill increases to level 3!
The hobgoblin hits you from afar with a +0 heavy spear!
The hobgoblin barely misses you.
You barely miss the hobgoblin.
The hobgoblin hits you with a +0 heavy spear!!
Ouch! That really hurt!
* * * LOW HITPOINT WARNING * * *
You completely miss the hobgoblin. The hobgoblin barely misses you.
You barely miss the hobgoblin. Your headbutt misses the hobgoblin.
The hobgoblin hits you with a +0 heavy spear!
You die...

#....#.......######.
###.#....#####..## #.
.......#.....#..## ##
###....#.......#..## #
##...#....<....#..# #
#.....#.......#..## #
#..#...#..[..#..## #
#>.#.#..#####...# #
#.###..#@##.......#[## #
#......#g###.######..####
......†..# #.# ##.....
....#..### #.# #####. .
..... #.# #. ....... #.#
#. ....... ..# #. ###....
### #. ##... #.


You could see a neutral hobgoblin (fast, strong, frenzied).

Vanquished Creatures
  A ball python (D:1)
  A bat (D:1)
  An endoplasm (D:1)
  A hobgoblin (D:1)
  2 kobolds (D:1)
  2 frilled lizards (D:1)
8 creatures vanquished.

Vanquished Creatures (collateral kills)
  A hobgoblin (D:1)
  3 jackals (D:1)
  A rat (D:1)
5 creatures vanquished.

Vanquished Creatures (others)
  An endoplasm (D:1)
1 creature vanquished.

Grand Total: 14 creatures vanquished

Notes
Turn   | Place    | Note
-------+----------+-------------------------------------------
     0 | D:1      | octoduck the Oni Warper began the quest for the Orb.
     0 | D:1      | Reached XP level 1. HP: 22/22 MP: 3/3
   173 | D:1      | Reached XP level 2. HP: 29/29 MP: 5/5
   190 | D:1      | Learned a level 2 spell: Blink
   193 | D:1      | Learned a level 2 spell: Lesser Beckoning
   342 | D:1      | Reached skill level 3 in Translocations
   347 | D:1      | Mangled by a hobgoblin

Illustrated notes

Levels and vault maps discovered:
D:1:      scummos_arrival_hexagon, layout_loops_ring

Skill      XL: |  1  2 |
---------------+-------+-----
Translocations | 3 |  3.0
Fighting       | |  2.6
Maces & Flails | |  2.7
Throwing       | |  1.0
Dodging        | |  2.1
Spellcasting   | |  2.4

Action                     || total
---------------------------++-------
  Melee: Mace              ||    18
 Armour: Robe              ||    12
  Dodge: Dodged            ||     7
